 Dungeon Crawl Stone Soup version 0.31.0-2-g5a2aebc5c2 (webtiles) character file.

Game seed: 14094555064741670025

387 Arctor the Shooter (level 7, -3/41 HPs)
             Began as a Kobold Hexslinger on Jan 20, 2024.
             Was a Believer of Jiyva.
             Slain by an orc priest
             ... wielding a +0 hand axe
              (7 damage)
             ... on level 4 of the Dungeon.
             The game lasted 00:02:50 (2878 turns).

Arctor the Shooter (Kobold Hexslinger)              Turns: 2878, Time: 00:02:51

Health: -3/41      AC:  2    Str:  5    XL:     7   Next: 7%
Magic:  20/20      EV: 16    Int: 14    God:    Jiyva [**....]
Gold:   87         SH:  6    Dex: 20    Spells: 9/11 levels left

rFire   + . .        a - +1 sling
rCold   + . .        k - +1 buckler
rNeg    . . .        c - +0 robe
rPois   +            (no helmet)
rElec   +            (no cloak)
rCorr   +            (no gloves)
SInv    .            (no boots)
Will    .....        (no amulet)
Stlth   +++          e - ring of magical power
HPRegen 1.22/turn    h - ring of flight
MPRegen 0.65/turn

%: no passive effects
@: resistant, flying
A: small, no large weapons, nightstalker 3
a: Renounce Religion


You were on level 4 of the Dungeon.
You worshipped Jiyva.
Jiyva was pleased with you.
You visited 1 branch of the dungeon, and saw 4 of its levels.

You collected 87 gold pieces.

Inventory:

Hand Weapons
 a - a +1 sling (weapon)
Missiles
 o - a throwing net
Armour
 c - a +0 robe (worn)
 k - a +1 buckler (worn)
Jewellery
 e - a ring of magical power (left hand)
 h - a ring of flight (right hand)
 l - a ring of protection from fire
 r - an amulet of reflection
Scrolls
 b - a scroll of poison
 g - a scroll of enchant armour
 i - a scroll of fog
 m - a scroll of identify
Potions
 d - a potion of resistance
 f - a potion of invisibility {unknown}
 j - a potion of curing {unknown}
 q - a potion of brilliance {unknown}


   Skills:
 + Level 3.0 Fighting
 + Level 4.4 Ranged Weapons
 + Level 4.1 Dodging
 + Level 2.8 Spellcasting
 + Level 4.0 Hexes
 + Level 2.7 Fire Magic


You had 9 spell levels left.
You knew the following spells:

 Your Spells              Type           Power      Damage    Failure   Level
a - Jinxbite              Hex            26%        N/A       12%         2

Your spell library contained the following spells:

 Spells                   Type           Power      Damage    Failure   Level
 Sigil of Binding         Hex            13%        N/A       24%         3
 Tukima's Dance           Hex            13%        N/A       24%         3
 Inner Flame              Hex/Fire       11%        N/A       30%         3
 Cause Fear               Hex            6%         N/A       61%         4
 Stone Arrow              Conj/Erth      4%         3d7       77%         3
 Dimensional Bullseye     Hex/Tloc       3%         N/A       88%         4
 Animate Armour           Summ/Erth      4%         N/A       99%         4
 Iskenderun's Mystic Bla  Conj/Tloc      2%         2d3       99%         4
 Lehudib's Crystal Spear  Conj/Erth      1%         10d2      100%        8


Dungeon Overview and Level Annotations

Branches:
Dungeon (4/15)
 Temple: D:4-7

Altars:
Wu Jian
Jiyva


Innate Abilities, Weirdness & Mutations

You are small and have problems with some larger weapons.
You are completely attuned to the shadows.


Message History

You hear a distant slurping noise.
The orc wizard mumbles some strange words.
The orc wizard flickers and vanishes!
Deactivating autopickup; reactivate with Ctrl-A.
Something hits you.
You miss something. Something hits you but does no damage.
An orc priest comes into view. It is wielding a +0 hand axe.
Something hits you.
A hobgoblin comes into view.
Something hits you. Something barely misses you.
You miss something. Something barely misses you. Something hits you.
Something barely misses you.
You bump into the rock wall.
An orc comes into view. It is wielding a +0 mace.
The orc priest barely misses you. Something hits you.
The orc priest attacks as it pursues you!
The orc priest hits you with a +0 hand axe.
Something completely misses you.
You clumsily bash the orc priest but do no damage.
The hobgoblin hits you. The orc priest closely misses you.
Something barely misses you. The hobgoblin hits you.
You clumsily bash the orc priest but do no damage.
You feel less confused.
The orc priest calls down the wrath of Beogh upon you.
Beogh smites you! Something hits you. The hobgoblin closely misses you.
The orc priest invokes the aid of Beogh against you.
Pain shoots through your body!
* * * LOW HITPOINT WARNING * * *
You hear some strange, mumbled words.
A magic dart appears from out of thin air!
The magic dart hits you.
* * * LOW HITPOINT WARNING * * *
The orc shouts!
It was a potion of resistance.
You feel protected.
You hear a shout!
The hobgoblin completely misses you. You block something's attack.
The orc priest hits you with a +0 hand axe!
You die...

#....# #
#....#...
#....#...
.######....o...
...........#...
...........#...
........)o.# ..
........o{g#
.......<.@.#
...........#
..........#
##########


You could see an orc priest, an orc and a hobgoblin.

Vanquished Creatures
  Grinder (D:3)
  An ogre (D:4)
  Natasha (D:2)
  2 adders (D:2)
  2 dart slugs
  2 ribbon worms (D:3)
  2 orcs
  5 bats
  4 endoplasms
  A giant cockroach (D:1)
  3 goblins (D:1)
  4 hobgoblins
  2 quokkas (D:3)
  6 ball pythons
  2 frilled lizards (D:1)
  4 kobolds
  5 rats
47 creatures vanquished.

Vanquished Creatures (others)
  A jelly (D:2)
  A goblin (D:3)
  A ball python (D:4)
  A bat (D:3)
4 creatures vanquished.

Grand Total: 51 creatures vanquished

Notes
Turn   | Place    | Note
-------+----------+-------------------------------------------
     0 | D:1      | Arctor the Kobold Hexslinger began the quest for the Orb.
     0 | D:1      | Reached XP level 1. HP: 12/12 MP: 2/2
   104 | D:1      | Reached XP level 2. HP: 16/16 MP: 3/3
   271 | D:1      | Learned a level 2 spell: Jinxbite
   441 | D:1      | Reached XP level 3. HP: 20/20 MP: 5/5
   927 | D:2      | Found a faded altar of an unknown god.
  1308 | D:2      | Prayed at the altar of an unknown god.
  1308 | D:2      | Became a worshipper of Jiyva Jiff the Shapeless
  1308 | D:2      | Reached * piety under Jiyva
  1364 | D:2      | Found an ornate altar of the Wu Jian Council.
  1515 | D:2      | Noticed Natasha
  1522 | D:2      | Killed Natasha
  1523 | D:2      | Reached XP level 4. HP: 17/26 MP: 6/6
  2034 | D:3      | Reached ** piety under Jiyva
  2307 | D:3      | Noticed Grinder
  2327 | D:3      | Paralysed by Grinder for 2 turns
  2332 | D:3      | Killed Grinder
  2333 | D:3      | Reached XP level 5. HP: 10/31 MP: 8/8
  2333 | D:3      | Reached XP level 6. HP: 11/36 MP: 9/9
  2805 | D:4      | Noticed an ogre
  2819 | D:4      | Killed an ogre
  2820 | D:4      | Reached XP level 7. HP: 15/41 MP: 11/11
  2877 | D:4      | HP: 2/41 [something/magic dart (6)]
  2878 | D:4      | Slain by an orc priest

Illustrated notes

Levels and vault maps discovered:
D:1:      evilmike_arrival_plus, layout_basic, minmay_misc_feat_five
D:2:      layout_loops_ring, basic_altar, ebering_ecumenical_altar_mist,
          uniq_natasha
D:3:      layout_basic, serial_corexii_hall, corexii_hall_statues_t,
          corexii_hall_statues_i, uniq_grinder
D:4:      layout_basic

Skill      XL: |  1  2  3  4  5  6 |
---------------+-------------------+-----
Ranged Weapons | 3 4 |  4.4
Dodging        | 3 4 |  4.1
Fighting       | 2 3 |  3.0
Spellcasting   | 2 |  2.8
Fire Magic     | 2 |  2.7
Hexes          | 4 |  4.0

Action                     |  1- 3 |  4- 6 |  7- 9 || total
---------------------------+-------+-------+-------++-------
  Melee: Sling             |       |       |     8 ||     8
   Fire: Sling             |    84 |    76 |    17 ||   177
   Cast: Jinxbite          |     1 |     5 |       ||     6
    Use: Scroll            |       |     6 |       ||     6
         Potion            |       |       |     1 ||     1
 Armour: Robe              |    17 |    14 |    26 ||    57
  Dodge: Dodged            |    33 |    35 |    21 ||    89
  Block: Buckler           |     2 |     7 |     4 ||    13
